 Dungeon Crawl Stone Soup version 0.21.0-24-g2553a33 (webtiles) character file.

6738 Gorglomux the Warmonger (level 10, 0/89 HPs)
             Began as a Minotaur Air Elementalist on Jan 20, 2018.
             Was an Elder of Okawaru.
             Slain by an orc wizard
             ... wielding a +0 dagger
              (3 damage)
             ... on level 9 of the Dungeon.
             The game lasted 00:15:07 (8826 turns).

Gorglomux the Warmonger (Minotaur Air Elementalist) Turns: 8826, Time: 00:15:07

Health: 0/89       AC:  1    Str: 15      XL:     10   Next: 75%
Magic:  17/17      EV: 20    Int: 12      God:    Okawaru [****..]
Gold:   527        SH:  0    Dex:  9 (10) Spells: 10/11 levels left

rFire    + . .     SeeInvis .   a - +0 rapier (drain)
rCold    + . .     Gourm    .   (no shield)
rNeg     + . .     Faith    .   y - +0 scale mail
rPois    +         Spirit   .   (helmet restricted)
rElec    .         Reflect  .   (no cloak)
rCorr    .         Harm     .   (no gloves)
MR       .....                  (no boots)
Stlth    ++........             r - amulet of regeneration
HPRegen  0.64/turn              W - +5 ring of evasion
MPRegen  0.15/turn              K - ring of Ruhiw {rPois rF+ rC+ rN+ Str-2} (curse)

@: heroism, corroded
A: retaliatory headbutt, horns 2
a: Heroism, Renounce Religion


You were on level 9 of the Dungeon.
You worshipped Okawaru.
Okawaru was greatly pleased with you.
You were not hungry.

You visited 2 branches of the dungeon, and saw 10 of its levels.

You collected 527 gold pieces.

Inventory:

Hand Weapons
 a - a +0 rapier of draining (weapon)
 b - the +3 trident "Weidiaca" {pierce, rElec MR+ Str-4}
   (You found it on level 4 of the Dungeon)

   It inflicts extra damage upon your enemies.
   It affects your strength (-4).
   It insulates you from electricity.
   It affects your resistance to hostile enchantments.
 N - a +1 hand axe of flaming
Armour
 f - a +1 large shield
 y - a +0 scale mail (worn)
Jewellery
 r - an amulet of regeneration (around neck)
 K - the cursed ring of Ruhiw (right hand) {rPois rF+ rC+ rN+ Str-2}
   (You found it on level 8 of the Dungeon)

   [ring of strength]

   It affects your strength (-2).
   It protects you from fire.
   It protects you from cold.
   It protects you from poison.
   It protects you from negative energy.
   It has a curse placed upon it.
 W - a +5 ring of evasion (left hand)
Wands
 A - a wand of acid (8)
 P - a wand of paralysis (21)
Scrolls
 n - 7 scrolls of remove curse
 s - 4 scrolls of fog
 t - a scroll of enchant weapon {unknown}
 v - a scroll of noise {unknown}
 w - a scroll of amnesia
 H - a scroll of teleportation {unknown}
 L - 2 scrolls of blinking {unknown}
 O - 3 scrolls of magic mapping {unknown}
 R - a scroll of identify
 X - 3 scrolls of enchant armour
 Y - 2 scrolls of random uselessness {unknown}
Potions
 g - a potion of haste {unknown}
 h - a potion of invisibility {unknown}
 k - 3 potions of cancellation
 o - 2 potions of agility
 p - 3 potions of magic
 I - a potion of degeneration {unknown}
 J - a potion of brilliance {unknown}
 Q - 4 potions of curing
 S - a potion of heal wounds {unknown}
 V - 2 potions of resistance
Books
 T - a book of Air

   Spells                             Type                      Level
   a - Shock                          Conjuration/Air              1
   b - Swiftness                      Charms/Air                   2
   c - Static Discharge               Conjuration/Air              3
   d - Airstrike                      Air                          4
   e - Lightning Bolt                 Conjuration/Air              5
Comestibles
 c - 12 rations


   Skills:
 + Level 8.3(13.3) Fighting
 + Level 0.6(5.6) Axes
 + Level 8.3(13.3) Armour
 - Level 8.0(13.0) Dodging
 - Level 1.5(6.5) Stealth
 + Level 0.5(5.5) Shields
 - Level 1.3 Spellcasting
 - Level 0.6 Conjurations
 - Level 2.1 Air Magic
 - Level 11.0 Invocations


You had 10 spell levels left.
You knew the following spells:

 Your Spells              Type           Power        Failure   Level  Hunger
a - Shock                 Conj/Air       #...         41%         1    ##.....


Dungeon Overview and Level Annotations

Branches:
Dungeon (9/15)             Temple (1/1) D:7
   Lair: D:8-11         Orc: D:9-12

Altars:
Ashenzari
Cheibriados
Dithmenos
Elyvilon
Fedhas
Gozag
Hepliaklqana
Kikubaaqudgha
Makhleb
Nemelex Xobeh
Okawaru
Qazlal
Ru
Sif Muna
Trog
Uskayaw
Vehumet
Wu Jian
Xom
Yredelemnul
Zin
The Shining One
Lugonu

Shops:
D:4 %

Annotations:
D:3 Nattefrost's ghost, amateur MiGl
D:4 1 runed door
D:6 Tovarisch's ghost, novice MiBe
D:9 2 runed doors


Innate Abilities, Weirdness & Mutations

You reflexively headbutt those who attack you in melee.
You have a pair of horns on your head.


Message History

You skewer the brown ugly thing like a kebab!
You drain the brown ugly thing!!!
The brown ugly thing is heavily wounded!
The orc wizard misses you!
The brown ugly thing butts you! * * * don't die
* * * The acid butts you!!!
You butt splashed with acid!!!
The acid burns!!! * * * don't die
* * * The orc wizard points at butt and mumbles some strange words!
The puff of flame misses you!
Okay, then!
Firing (i - inventory): No suitable missiles!
Press: ? - help, Shift-Dir - straight line, f/p - brown ugly thing
Aim: a brown ugly thing (blue smoke, heavily wounded, lightly drained)
Okay, then!
You feel better! The orc wizard misses you!
The brown ugly thing gores you! * * * don't die
* * * The acid corrodes you!!!
You are splashed with acid!!!
The acid burns!!! * * * don't die
* * * The orc wizard hits you with a dagger! rip

#........#
#........#
#........#
####.....#
#.....#
#.....#
#..§§§#
#...§§#
#..§§@######
#..§ouo§...#
#...§..§...#
#..........#
#......)...#
#..........#
#..........#
.....<......#
.............#


You could see a brown ugly thing and 2 orc wizards.

Vanquished Creatures
  A two-headed ogre (D:9)
  A cyclops (D:8)
  A hippogriff (D:8)
  A wraith (D:8)
  6 yaks (D:9)
  A human (D:7)
  2 hungry ghosts
  4 hogs (D:7)
  An orc warrior (D:8)
  A sky beast (D:7)
  5 necrophages (D:8)
  2 ice beasts
  2 phantoms
  2 ogres (D:8)
  A centaur (D:7)
  4 big kobolds
  7 bullfrogs
  A wyvern skeleton (D:9)
  3 scorpions
  7 killer bees
  A wight (D:8)
  4 crimson imps
  2 quasits
  4 hounds
  3 bullfrog skeletons
  An orc priest (D:7)
  A jelly (D:8)
  An iguana (D:9)
  8 orc wizards
  4 worker ants
  2 hound skeletons
  A mummy (D:8)
  2 worker ant zombies
  4 gnolls (D:7)
  A howler monkey skeleton (D:7)
  6 adders
  An ooze (D:2)
  3 adder skeletons
  4 worms
  A dart slug (D:2)
  5 leopard geckos
  21 orcs
  6 giant cockroaches
  8 goblins
  6 hobgoblins
  2 jackals (D:8)
  14 kobolds
  4 quokkas
  2 ball pythons (D:4)
  4 bats
  2 frilled lizards
  A giant cockroach zombie (D:6)
  A jackal skeleton (D:9)
  3 quokka zombies
  7 rats
193 creatures vanquished.

Notes
Turn   | Place    | Note
-------+----------+-------------------------------------------
     0 | D:1      | Gorglomux the Minotaur Air Elementalist began the quest for the Orb.
     0 | D:1      | Reached XP level 1. HP: 14/14 MP: 1/1
   884 | D:2      | Reached skill level 1 in Armour
   897 | D:2      | Reached skill level 1 in Fighting
   901 | D:2      | Reached XP level 2. HP: 19/23 MP: 3/3
  1103 | D:2      | Found a basalt altar of Yredelemnul.
  1108 | D:2      | Found a shimmering altar of Xom.
  1111 | D:2      | Noticed an angel
  1114 | D:2      | Found a glowing silver altar of Zin.
  1685 | D:2      | Reached XP level 3. HP: 15/29 MP: 1/4
  1742 | D:2      | Reached skill level 3 in Dodging
  1985 | D:2      | Found a hide-covered altar of Uskayaw.
  2243 | D:3      | Noticed Nattefrost's ghost (amateur MiGl)
  2331 | D:3      | Reached XP level 4. HP: 21/37 MP: 5/5
  2781 | D:3      | Reached skill level 3 in Armour
  3095 | D:3      | Reached skill level 3 in Fighting
  3235 | D:3      | Found a deep blue altar of Sif Muna.
  3336 | D:3      | Reached XP level 5. HP: 13/45 MP: 3/6
  3561 | D:4      | Got a translucent trident
  3562 | D:4      | Found a sparkling altar of Nemelex Xobeh.
  3562 | D:4      | Noticed a phantom
  3563 | D:4      | Noticed an ice beast
  3570 | D:4      | Got a bloodstained ring mail
  3594 | D:3      | Identified the +3 trident "Weidiaca" {pierce, rElec MR+ Str-4} (You found it on level 4 of the Dungeon)
  3605 | D:3      | Killed an ice beast
  3605 | D:3      | Reached XP level 6. HP: 15/52 MP: 3/7
  3966 | D:4      | Identified the cursed +1 ring mail "Hoilin" {Int+2 SInv} (You found it on level 4 of the Dungeon)
  3970 | D:4      | Found a glowing silver altar of Zin.
  3971 | D:4      | Noticed an angel
  3971 | D:4      | Found a runed door.
  4047 | D:4      | Found an ancient bone altar of Kikubaaqudgha.
  4176 | D:4      | Found a sacrificial altar of Ru.
  4204 | D:4      | Found Impivuaz's Food Emporium.
  4378 | D:5      | Entered Level 5 of the Dungeon
  4479 | D:5      | Reached XP level 7. HP: 60/60 MP: 8/8
  4702 | D:5      | Found a burning altar of Makhleb.
  4786 | D:6      | Noticed Tovarisch's ghost (novice MiBe)
  5486 | D:6      | Found a stormy altar of Qazlal.
  5793 | D:7      | Found a staircase to the Ecumenical Temple.
  5806 | Temple   | Entered the Ecumenical Temple
  5836 | Temple   | Became a worshipper of Warmaster Okawaru
  5867 | D:7      | Reached skill level 6 in Fighting
  5867 | D:7      | Reached skill level 6 in Armour
  5867 | D:7      | Reached skill level 6 in Dodging
  5899 | D:7      | Reached XP level 8. HP: 34/70 MP: 9/9
  5911 | D:7      | Reached * piety under Okawaru
  6349 | D:7      | Reached ** piety under Okawaru
  6526 | D:7      | Reached XP level 9. HP: 77/81 MP: 10/10
  6555 | D:7      | Found a shadowy altar of Dithmenos.
  6879 | D:7      | Reached skill level 1 in Invocations
  7212 | D:8      | Reached skill level 2 in Invocations
  7222 | D:8      | Reached skill level 3 in Invocations
  7311 | D:8      | Noticed a cyclops
  7326 | D:8      | Killed a cyclops
  7326 | D:8      | Reached *** piety under Okawaru
  7326 | D:8      | Reached skill level 5 in Invocations
  7363 | D:8      | Reached skill level 6 in Invocations
  7472 | D:8      | Reached skill level 7 in Invocations
  7708 | D:8      | Reached XP level 10. HP: 84/88 MP: 12/14
  7726 | D:8      | Reached **** piety under Okawaru
  7726 | D:8      | Reached skill level 8 in Invocations
  7846 | D:8      | Found a bloodstained altar of Trog.
  7907 | D:8      | Found a snail-covered altar of Cheibriados.
  8130 | D:8      | Got an ancient iron ring
  8207 | D:9      | Noticed a two-headed ogre
  8208 | D:9      | Identified the cursed ring of Ruhiw {rPois rF+ rC+ rN+ Str-2} (You found it on level 8 of the Dungeon)
  8220 | D:9      | Killed a two-headed ogre
  8220 | D:9      | Reached skill level 9 in Invocations
  8302 | D:9      | Reached skill level 10 in Invocations
  8502 | D:9      | Found a runed door.
  8515 | D:9      | Found a runed door.
  8567 | D:9      | Reached skill level 11 in Invocations
  8806 | D:9      | Noticed a brown ugly thing
  8826 | D:9      | HP: 3/89 [acid (11)]
  8826 | D:9      | Slain by an orc wizard

Skill      XL: |  1  2  3  4  5  6  7  8  9 10 |
---------------+-------------------------------+-----
Armour         | 1 2 3 4 6 8 |  8.3
Fighting       | 1 2 3 4 6 7 8 |  8.3
Dodging        | 3 4 5 6 7 8 |  8.0
Invocations    | 7 11 | 11.0
Axes           | |  0.6
Stealth        | |  1.5
Shields        | |  0.5
Spellcasting   | |  1.3
Conjurations   | |  0.6
Air Magic      | |  2.1

Action                   |  1- 3 |  4- 6 |  7- 9 | 10-12 || total
-------------------------+-------+-------+-------+-------++-------
Melee: Unarmed           |    37 |       |       |       ||    37
       Dagger            |    54 |       |       |       ||    54
       Headbutt          |    15 |    22 |    48 |    49 ||   134
       Quarterstaff      |    27 |    74 |       |       ||   101
       Trident           |       |    62 |    55 |    10 ||   127
       Rapier            |       |       |   286 |   224 ||   510
       Punch             |       |       |     1 |     2 ||     3
Throw: Throwing net      |       |       |       |     1 ||     1
 Cast: Shock             |    25 |       |       |       ||    25
Invok: Heroism           |       |       |     7 |     7 ||    14
Evoke: Wand              |       |       |     5 |       ||     5
  Use: Scroll            |       |    10 |       |     4 ||    14
       Potion            |       |     3 |     4 |     3 ||    10
 Stab: Sleeping          |     3 |     5 |       |       ||     8
       Paralysed         |       |       |     3 |       ||     3
  Eat: Chunk             |     5 |     4 |     8 |     7 ||    24
       Ration            |       |     1 |     1 |       ||     2
Armor: Robe              |    18 |     2 |       |       ||    20
       Scale mail        |       |    40 |   128 |    70 ||   238
       Ring mail         |       |     7 |     2 |       ||     9
       Skin              |       |       |    46 |       ||    46
Dodge: Dodged            |    70 |    76 |   382 |   282 ||   810
